AoeStats
← Tenziki

QS Arena

503464049Analyzed
4v4 RM · 1mo ago on Aug 31, 2026· 31m 49s· 8 players
Game mode
Random Map
Map size
Large (8 player)
Population
200
Speed
Normal
Resources
Standard
Victory
Conquest
Starting age
Dark Age
Ending age
Imperial Age
RankedLock teamsTeams togetherTeam positionsShared explorationLock speedFull tech treeHidden civsTurbo modeCheats
Victory
Defeat
🇨🇿 Romans · Czechia
1554
+9
🇨🇿 Bulgarians · Czechia
1525
+10
🇦🇷 Teutons · Argentina
1410
+15
🇨🇿 Franks · Czechia
1204
+24
1532
-21
🇺🇸 Malians · United States
1407
-15
🇺🇸 Burmese · United States
1395
-15
🇺🇸 Burgundians · United States
1211
-7
Kustilier
8:36 Feudal Age
7:28 Loom
9:33 Horse Collar
12:20 Castle Age
10:43 Double-Bit Axe
11:55 Stone Mining
13:23 Bow Saw
13:36 Fletching
14:34 Town Watch
19:17 Bodkin Arrow
20:48 Gold Mining
23:26 Scale Barding Armor
29:55 Chain Barding Armor
Vegan Shark
9:09 Feudal Age
10:15 Double-Bit Axe
10:17 Horse Collar
13:15 Castle Age
14:18 Bow Saw
14:10 Heavy Plow
17:31 Wheelbarrow
18:59 Hand Cart
20:54 Loom
21:15 Gold Mining
21:18 Stone Mining
22:49 Gold Shaft Mining
22:56 Scale Barding Armor
26:40 Imperial Age
24:31 Masonry
25:52 Chain Barding Armor
26:27 Husbandry
27:22 Bloodlines
28:29 Plate Barding Armor
28:32 Conscription
28:52 Architecture
29:10 Forging
30:24 Iron Casting
29:54 Town Watch
30:52 Crop Rotation
29:59 Elite Centurion
31:57 Blast Furnace
JoeSham
0:58 Loom
8:17 Feudal Age
12:32 Castle Age
10:57 Double-Bit Axe
12:46 Gold Mining
14:59 Bow Saw
16:23 Wheelbarrow
17:10 Town Watch
20:51 Hand Cart
20:58 Stone Mining
25:50 Imperial Age
23:40 Husbandry
23:23 Light Cavalry
24:44 Ballistics
24:35 Masonry
24:21 Murder Holes
25:57 Scale Barding Armor
26:03 Forging
26:40 Chain Barding Armor
25:55 Cavalier
27:18 Conscription
28:13 Iron Casting
29:28 Plate Barding Armor
29:33 Town Patrol
30:54 Blast Furnace
30:30 Architecture
29:38 Pikeman
BEACH FOSSILS
3:33 Loom
5:54 Feudal Age
16:22 Town Watch
18:40 Castle Age
16:29 Double-Bit Axe
16:26 Horse Collar
17:19 Gold Mining
17:21 Stone Mining
20:01 Bow Saw
19:59 Heavy Plow
26:33 Scale Barding Armor
27:29 Bloodlines
27:30 Forging
28:27 Wheelbarrow
33:05 Imperial Age
32:29 Chain Barding Armor
Shane Pizza
2:19 Double-Bit Axe
7:37 Feudal Age
12:05 Castle Age
10:43 Bow Saw
10:19 Horse Collar
16:25 Loom
20:12 Wheelbarrow
22:31 Hand Cart
24:20 Heavy Plow
25:47 Scale Barding Armor
27:57 Crop Rotation
28:13 Fletching
31:32 Imperial Age
29:27 Light Cavalry
Tenziki
5:55 Loom
9:01 Feudal Age
13:03 Horse Collar
15:28 Wheelbarrow
19:12 Castle Age
18:15 Gold Mining
21:21 Heavy Plow
26:13 Bloodlines
27:36 Husbandry
28:53 Town Watch
32:05 Hand Cart
NUBSINC
8:48 Feudal Age
13:22 Castle Age
11:21 Double-Bit Axe
11:53 Horse Collar
14:30 Fletching
18:18 Bow Saw
19:47 Wheelbarrow
21:19 Scale Mail Armor
21:31 Forging
27:39 Imperial Age
28:02 Gold Mining
28:39 Chain Mail Armor
30:56 Bloodlines
31:07 Husbandry
Ginger lee fondle your meatballs
8:55 Feudal Age
12:44 Castle Age
10:33 Horse Collar
10:38 Double-Bit Axe
18:00 Imperial Age
16:25 Bow Saw
16:39 Fervor
18:32 Chemistry
21:57 Loom
22:40 Loom
23:30 Wheelbarrow
22:40 Town Watch
23:53 Heavy Plow
26:56 Sanctity
Connection lost

Rejoining the realm…

Still unreachable

The connection could not be restored.

Session expired

The server has moved on; the page needs a fresh start.